 Dungeon Crawl Stone Soup version 0.24.0-123-gd5b16e6ec5 (webtiles) character file.

Game seed: 441961173954452352, levelgen mode: deterministic

3571724 Amplified the Conqueror (level 27, 273/273 HPs)
             Began as a Minotaur Gladiator on Jan 28, 2020.
             Was the Champion of Makhleb.
             Escaped with the Orb
             ... and 5 runes!
             The game lasted 02:04:49 (60235 turns).

Amplified the Conqueror (Minotaur Gladiator)       Turns: 60235, Time: 02:04:50

Health: 273/273    AC: 40    Str: 27    XL:     27
Magic:  37/40      EV: 22    Int: 13    God:    Makhleb [******]
Gold:   3457       SH: 18    Dex: 16    Spells: 48/54 levels left

rFire    + + .     SeeInvis +   g - +9 double sword (freeze)
rCold    + + +     Gourm    .   x - +3 shield {rC+}
rNeg     + + +     Faith    .   c - +13 plate armour of Card Tricks {rN+}
rPois    +         Spirit   .   T - +2 hat {MR+}
rElec    +         Reflect  .   V - scarf {rC+ rF+}
rCorr    +         Harm     .   E - +0 pair of gloves of the Ego {*Contam rPois rCorr SInv}
MR       +++++                  t - +2 pair of boots
Stlth    ..........             H - amulet "Meumes" {+Rage rF+ rN+ Slay+5}
HPRegen  0.95/turn              F - ring "Qajaf" {rPois rC++ MR+}
MPRegen  0.27/turn              C - ring "Lelit" {rElec rPois rN+ Str+3 Int+4}

@: no status effects
A: retaliatory headbutt, horns 2, magic resistance 1, regeneration 1, sturdy
frame 1
0: Orb of Zot
}: 5/15 runes: decaying, slimy, silver, abyssal, gossamer
a: Minor Destruction, Lesser Servant of Makhleb, Major Destruction, Greater
Servant of Makhleb, Renounce Religion, Evoke Berserk Rage


You escaped.
You worshipped Makhleb.
Makhleb was exalted by your worship.
You were not hungry.

You visited 12 branches of the dungeon, and saw 58 of its levels.
You visited the Abyss 3 times.
You visited 1 ziggurat, and saw 9 of its levels.
You also visited: Ice Cave and Desolation.

You collected 8088 gold pieces.
You spent 4631 gold pieces at shops.

Inventory:

Hand Weapons
 g - a +9 double sword of freezing (weapon)
Missiles
 m - 5 curare-tipped darts (quivered)
Armour
 c - the +13 plate armour of Card Tricks (worn) {rN+}
   (You found it on level 5 of the Pits of Slime)

   It protects you from negative energy.
 k - the +1 acid dragon scales of the Vacuum {rF+ rCorr SInv}
   (You found it on level 5 of the Vaults)

   It protects you from fire.
   It lets you see invisible.
   It provides partial protection from all sources of acid and corrosion.
 l - the +7 ring mail "Ydoisuewk" {Regen+ Int+6 Stlth-}
   (You found it on level 4 of the Dungeon)

   It affects your intelligence (+6).
   It increases your rate of regeneration.
   It makes you less stealthy.
 t - a +2 pair of boots (worn)
 x - a +3 shield of cold resistance (worn)
 E - the +0 pair of gloves of the Ego (worn) {*Contam rPois rCorr SInv}
   (You found it on level 4 of a ziggurat)

   It protects you from poison.
   It lets you see invisible.
   It causes magical contamination when unequipped.
   It provides partial protection from all sources of acid and corrosion.
 G - the +1 leather armour "Raqidoal" {-Tele rElec rN+ SInv}
   (You found it on level 2 of the Spider Nest)

   It insulates you from electricity.
   It protects you from negative energy.
   It lets you see invisible.
   It prevents most forms of teleportation.
 K - the +4 scale mail of Iruvita {rN+ Int+6}
   (You found it in the Desolation of Salt)

   It affects your intelligence (+6).
   It protects you from negative energy.
 T - a +2 hat of magic resistance (worn)
 V - a scarf of resistance (worn)
Jewellery
 i - the ring "Avyseh" {rPois MR- rCorr Str+4 Int+7}
   (You found it in the Desolation of Salt)

   [ring of resist corrosion]

   It affects your strength (+4).
   It affects your intelligence (+7).
   It protects you from poison.
   It affects your resistance to hostile enchantments.
   It provides partial protection from all sources of acid and corrosion.
 C - the ring "Lelit" (right hand) {rElec rPois rN+ Str+3 Int+4}
   (You found it on level 3 of the Crypt)

   [ring of positive energy]

   It affects your strength (+3).
   It affects your intelligence (+4).
   It insulates you from electricity.
   It protects you from poison.
   It protects you from negative energy.
 F - the ring "Qajaf" (left hand) {rPois rC++ MR+}
   (You found it on level 4 of the Depths)

   [ring of poison resistance]

   It greatly protects you from cold.
   It protects you from poison.
   It affects your resistance to hostile enchantments.
 H - the amulet "Meumes" (around neck) {+Rage rF+ rN+ Slay+5}
   (You found it in the Desolation of Salt)

   [amulet of rage]

   It affects your accuracy and damage with ranged weapons and melee attacks
   (+5).
   It protects you from fire.
   It protects you from negative energy.
   It lets you go berserk.
 Q - the ring "Lewoont" {rElec rF+ rN+}
   (You found it on level 3 of the Crypt)

   [ring of positive energy]

   It protects you from fire.
   It insulates you from electricity.
   It protects you from negative energy.
Wands
 a - a wand of acid (22)
 D - a wand of digging (6)
 O - a wand of scattershot (4)
 S - a wand of iceblast (38)
 Y - a wand of polymorph (17)
Scrolls
 d - 2 scrolls of identify
 e - 32 scrolls of remove curse
 j - 17 scrolls of teleportation
 q - 11 scrolls of amnesia
 r - a scroll of magic mapping
 s - a scroll of silence
 B - 10 scrolls of fog
 N - 2 scrolls of summoning
 R - 15 scrolls of fear
 Z - a scroll of blinking
Potions
 h - 7 potions of brilliance
 n - 15 potions of curing
 p - 5 potions of magic
 u - 6 potions of ambrosia
 w - 4 potions of mutation
 z - 2 potions of cancellation
 A - 2 potions of heal wounds
 W - 2 potions of flight
Miscellaneous
 I - a lamp of fire (inert)
 L - a fan of gales
 X - 5 phantom mirrors
Comestibles
 f - 48 rations


   Skills:
 O Level 27 Fighting
 - Level 16.7 Long Blades
 - Level 16.1 Throwing
 - Level 20.5 Armour
 - Level 20.2 Dodging
 - Level 16.3 Shields
 * Level 14.2 Spellcasting
   Level 13.6 Ice Magic
 * Level 16.2 Earth Magic
 - Level 13.0 Invocations
 - Level 12.1 Evocations


You had 48 spell levels left.
You knew the following spells:

 Your Spells              Type           Power        Failure   Level  Hunger
a - Apportation           Tloc           #.....       24%         1    None
b - Passwall              Tmut/Erth      ####....     1%          2    None
c - Confusing Touch       Hex            #.....       24%         1    None
d - Blink                 Tloc           N/A          36%         2    None

Your spell library contained the following spells:

 Spells                   Type           Power        Failure   Level  Hunger
 Freeze                   Ice            ####         1%          1    None
 Sandblast                Erth           ######       1%          1    None
 Lee's Rapid Deconstruct  Erth           ######....   1%          5    #####..
 Ensorcelled Hibernation  Hex/Ice        ####..       2%          2    None
 Throw Frost              Conj/Ice       ####..       2%          2    None
 Stone Arrow              Conj/Erth      ####..       2%          3    None
 Ozocubu's Armour         Chrm/Ice       ####....     4%          3    None
 Leda's Liquefaction      Hex/Erth       ####......   9%          4    ###....
 Petrify                  Tmut/Erth      ####....     9%          4    ###....
 Ice Form                 Ice/Tmut       ####....     14%         4    ###....
 Summon Ice Beast         Ice/Summ       ####....     14%         4    ###....
 Throw Icicle             Conj/Ice       ####....     14%         4    ###....
 Ozocubu's Refrigeration  Ice            #####.....   14%         6    ######.
 Animate Skeleton         Necr           N/A          24%         1    None
 Beastly Appendage        Tmut           #.....       24%         1    None
 Flame Tongue             Conj/Fire      #....        24%         1    None
 Pain                     Necr           #...         24%         1    None
 Shock                    Conj/Air       #...         24%         1    None
 Sting                    Conj/Pois      #...         24%         1    None
 Summon Butterflies       Summ           #.......     24%         1    None
 Summon Small Mammal      Summ           #...         24%         1    None
 Borgnjor's Vile Clutch   Necr/Erth      ####......   24%         5    #####..
 Corpse Rot               Necr           N/A          36%         2    None
 Poisonous Vapours        Pois/Air       #.....       36%         2    None
 Shroud of Golubria       Chrm/Tloc      #.....       36%         2    None
 Slow                     Hex            #.......     36%         2    None
 Sticks to Snakes         Tmut           #.......     36%         2    None
 Swiftness                Chrm/Air       #.......     36%         2    None
 Throw Flame              Conj/Fire      #.....       36%         2    None
 Metabolic Englaciation   Hex/Ice        ####......   38%         5    #####..
 Confuse                  Hex            #.......     58%         3    None
 Conjure Flame            Conj/Fire      #.......     58%         3    None
 Gell's Gravitas          Tloc           #.........   58%         3    None
 Ignite Poison            Fire/Tmut/Pois #.......     58%         3    None
 Inner Flame              Hex/Fire       #.......     58%         3    None
 Lesser Beckoning         Tloc           #.........   58%         3    None
 Mephitic Cloud           Conj/Pois/Air  #.......     58%         3    None
 Portal Projectile        Hex/Tloc       #.....       58%         3    None
 Recall                   Summ/Tloc      N/A          58%         3    None
 Regeneration             Chrm/Necr      #.........   58%         3    None
 Spider Form              Tmut/Pois      #.........   58%         3    None
 Static Discharge         Conj/Air       #.......     58%         3    None
 Summon Guardian Golem    Hex/Summ       #.......     58%         3    None
 Teleport Other           Tloc           #.......     58%         3    None
 Tukima's Dance           Hex            #.......     58%         3    None
 Vampiric Draining        Necr           #.........   58%         3    None
 Bolt of Magma            Conj/Fire/Erth ###.......   58%         5    #####..
 Iron Shot                Conj/Erth      ####......   78%         6    ######.
 Statue Form              Tmut/Erth      ####.....    78%         6    ######.
 Bolt of Cold             Conj/Ice       ####......   92%         6    ######.
 Simulacrum               Ice/Necr       ####......   92%         6    ######.
 Airstrike                Air            #.........   94%         4    ###....
 Animate Dead             Necr           N/A          94%         4    ###....
 Cause Fear               Hex            #.........   94%         4    ###....
 Force Lance              Conj/Tloc      #.......     94%         4    ###....
 Fulminant Prism          Conj/Hex       #.........   94%         4    ###....
 Iskenderun's Mystic Bla  Conj           #.......     94%         4    ###....
 Olgreb's Toxic Radiance  Pois           #.......     94%         4    ###....
 Sticky Flame             Conj/Fire      #.......     94%         4    ###....
 Freezing Cloud           Conj/Ice/Air   ###.......   99%         6    ######.
 Alistair's Intoxication  Tmut/Pois      #.......     100%        5    #####..
 Aura of Abjuration       Summ           #.........   100%        5    #####..
 Blade Hands              Tmut           #.........   100%        5    #####..
 Bolt of Draining         Conj/Necr      #.........   100%        5    #####..
 Excruciating Wounds      Chrm/Necr      #.........   100%        5    #####..
 Fireball                 Conj/Fire      #.........   100%        5    #####..
 Irradiate                Conj/Tmut      #.........   100%        5    #####..
 Iskenderun's Battlesphe  Conj/Chrm      #.......     100%        5    #####..
 Lightning Bolt           Conj/Air       #.........   100%        5    #####..
 Silence                  Hex/Air        #.........   100%        5    #####..
 Summon Demon             Summ           #.........   100%        5    #####..
 Summon Forest            Summ/Tloc      #.........   100%        5    #####..
 Summon Mana Viper        Hex/Summ       #.......     100%        5    #####..
 Venom Bolt               Conj/Pois      #.........   100%        5    #####..
 Yara's Violent Unravell  Hex/Tmut       #.........   100%        5    #####..
 Bolt of Fire             Conj/Fire      #.........   100%        6    ######.
 Conjure Ball Lightning   Conj/Air       #.........   100%        6    ######.
 Darkness                 Hex            #.........   100%        6    ######.
 Death Channel            Necr           #.........   100%        6    ######.
 Deflect Missiles         Chrm/Air       #.........   100%        6    ######.
 Dispersal                Tloc           #.........   100%        6    ######.
 Hydra Form               Tmut           #.........   100%        6    ######.
 Invisibility             Hex            #.......     100%        6    ######.
 Poison Arrow             Conj/Pois      #.........   100%        6    ######.
 Shadow Creatures         Summ           N/A          100%        6    ######.
 Dragon Form              Tmut           #.........   100%        7    #######
 Malign Gateway           Summ/Tloc      #.........   100%        7    #######
 Monstrous Menagerie      Summ           #.........   100%        7    #######
 Orb of Destruction       Conj           #.........   100%        7    #######
 Ring of Flames           Chrm/Fire      #.........   100%        7    #######
 Spellforged Servitor     Conj/Summ      #.........   100%        7    #######
 Summon Greater Demon     Summ           #.........   100%        7    #######
 Summon Hydra             Summ           #.........   100%        7    #######
 Chain Lightning          Conj/Air       #.........   100%        8    #######
 Controlled Blink         Tloc           N/A          100%        8    #######
 Death's Door             Chrm/Necr      #.........   100%        8    #######
 Discord                  Hex            #.........   100%        8    #######
 Disjunction              Tloc           #.........   100%        8    #######
 Ignition                 Fire           #.........   100%        8    #######
 Lehudib's Crystal Spear  Conj/Erth      ####......   100%        8    #######
 Summon Horrible Things   Summ           #.........   100%        8    #######
 Fire Storm               Conj/Fire      #.........   100%        9    #######
 Glaciate                 Conj/Ice       ####......   100%        9    #######
 Passage of Golubria      Tloc           Unusable     N/A         4    N/A

Dungeon Overview and Level Annotations

Branches:
Dungeon (15/15)            Temple (1/1) D:4            Lair (6/6) D:10
  Swamp (4/4) Lair:3       Spider (4/4) Lair:3        Slime (5/5) Lair:6
    Orc (2/2) D:10            Elf (3/3) Orc:2        Vaults (5/5) D:14
  Crypt (3/3) Vaults:2       Tomb (0/3) Crypt:3      Depths (5/5) D:15
    Zot (5/5) Depths:5      IceCv (visited)         Desolation (visited)

Altars:
Ashenzari
Cheibriados
Dithmenos
Elyvilon
Fedhas
Gozag
Hepliaklqana
Kikubaaqudgha
Makhleb
Nemelex Xobeh
Okawaru
Qazlal
Ru
Sif Muna
Trog
Uskayaw
Vehumet
Wu Jian
Xom
Yredelemnul
Zin
The Shining One
Beogh

Shops:
D:7 !   D:11 =   D:13 }   Orc:2 :%!(*   Elf:3 [   Vaults:2 :   Depths:2 }==
Depths:3 *%

Portals:
Hell: Depths:1 Depths:2 Depths:3 Depths:4 Depths:5
Abyss: Depths:2 Depths:4
Pandemonium: Depths:1 Depths:2 Depths:3 Depths:4 Depths:5

Annotations:
Temple Dont botch this
Lair:1 Swamp to Nest, get rCorr asap
Elf:2 3 runed translucent doors
Crypt:1 3 runed translucent doors, Hynnuzim's ghost, veteran CeHu; Nyubb's ghost, veteran MiGl; Waammiq's ghost, veteran GrEE; Ydoawkan's ghost, adept GrFi
Depths:2 2 transporters


Innate Abilities, Weirdness & Mutations

You reflexively headbutt those who attack you in melee.
You have a pair of horns on your head.
You are resistant to hostile enchantments. (MR+)
Your natural rate of healing is unusually fast.
Your movements are slightly less encumbered by armour. (ER -2)


Message History

a +0 halberd; a +0 chain mail; an infernal demonspawn corpse
Things that are here:
a +0 long sword; a +0 scale mail; an infernal demonspawn corpse
There is an open door here.
You see here 15 stones.
There is a staircase leading out of the dungeon here.
Really quaff the potion of mutation?
You feel extremely strange.
You feel more energetic.
You shed all your fur.
You feel clever.
You feel less encumbered by your armour.
Really quaff the potion of mutation?
You feel extremely strange.
You feel genetically unstable.
Your talons dull and shrink into feet.
You feel stronger.
Your vision blurs.
You feel agile.
Really quaff the potion of mutation?
You feel extremely strange.
Your vision sharpens.
You feel clumsy.
You feel resistant to hostile enchantments.
You begin to heal more quickly.
You have escaped!

##########.# ##.#
#..........######.##
#.8..≈≈≈≈......))##
#..........#######
######.#####
#####'####
#....(...#
#........#
#.@......#
#........#
#........#
##########


There were no monsters in sight!

Vanquished Creatures
  the Royal Jelly (Slime:5)
  Khufu (Crypt:3)
  2 orbs of fire (Zot:5)
  Mara (Elf:3)
  3 ancient liches
  The ghost of Vikmgn the Axe Maniac, a legendary MiFi of Zin (Zot:5)
  Mennas (Vaults:4)
  Bai Suzhen (Crypt:3)
  the Lernaean hydra (Swamp:4)
  3 Killer Klowns
  Saint Roka (Vaults:2)
  Margery (Vaults:4)
  Jory (Depths:3)
  A profane servitor (Crypt:3)
  4 golden dragons
  Arachne (Spider:3)
  2 bone dragons
  A Tzitzimitl (Zot:2)
  A Brimstone Fiend (D:8)
  An electric golem (Zot:3)
  12 tentacled monstrosities
  A pandemonium lord (D:7)
  Jorgrun (D:13)
  20 Orb Guardians
  2 deep elf blademasters (Elf:3)
  3 quicksilver dragons
  5 titans
  8 liches
  22 acid blobs
  2 deep elf master archers (Elf:3)
  An Executioner (Zig:3)
  6 death cobs
  7 tentacled starspawn
  9 shadow dragons
  5 sphinxes
  Frances (Swamp:2)
  Gastronok (Lair:1)
  6 storm dragons
  3 ancient champions
  3 revenants
  Kirke (D:15)
  14 azure jellies
  11 tengu reavers
  7 draconian monks
  4 fire giants
  3 draconian knights
  A corrupter (Zig:3)
  11 vault wardens
  12 frost giants
  A draconian scorcher (Zot:4)
  7 ghost moths
  An iron dragon (shapeshifter) (Zig:4)
  15 deep elf sorcerers
  An imperial myrmidon (Desolation)
  A juggernaut zombie (Zig:8)
  A draconian shifter (Zot:4)
  7 deep elf elementalists
  2 curse skulls
  7 emperor scorpions
  14 ironheart preservers
  An angel (Depths:3)
  24 very ugly things
  2 spriggan defenders (Depths:4)
  6 war gargoyles
  4 draconian stormcallers
  3 ghouls
  4 draconian annihilators
  30 stone giants
  An ophan (Abyss:2)
  2 reapers
  2 caustic shrike skeletons (Depths:3)
  3 entropy weavers
  A green draconian (Zot:2)
  A juggernaut skeleton (Depths:3)
  2 lorocyprocas (Abyss:2)
  5 deep elf annihilators (Elf:3)
  6 deep elf demonologists
  3 vampire knights
  6 black draconians
  5 purple draconians
  6 white draconians
  12 red draconians
  5 spark wasps
  2 yellow draconians
  3 eidola (Crypt:2)
  3 crystal guardians (Desolation)
  Josephine (D:15)
  A blizzard demon (Depths:3)
  17 ettins
  2 mummy priests (Crypt:3)
  18 deep elf death magi
  A green death (D:10)
  6 death oozes
  12 deep elf high priests
  5 great orbs of eyes
  2 spectral golden dragons
  8 fire dragons
  18 jiangshi
  7 servants of whispers (Desolation)
  Fannar (Lair:1)
  2 ragged hierophants (Desolation)
  Harold (D:8)
  16 hydras
  A monstrous demonspawn (Depths:5)
  30 vault guards
  17 yaktaur captains
  4 rakshasas
  A quicksilver dragon skeleton (Depths:3)
  10 ice dragons
  3 spriggan air magi (Depths:4)
  2 catoblepae
  A merfolk avatar (Lair:6)
  A spectral fire giant (Crypt:3)
  2 peacekeepers (Desolation)
  17 ogre magi
  A satyr (shapeshifter) (Depths:5)
  2 anacondas (shapeshifter)
  10 centaur warriors
  A spectral draconian (Zot:5)
  13 alligators
  6 shambling mangroves
  10 death knights
  2 ghost crabs
  51 two-headed ogres
  17 dancing weapons
  10 death yaks
  9 deep troll shamans
  5 hell hogs
  A merfolk aquamancer (Zig:2)
  3 orc high priests
  5 vampire magi
  7 thrashing horrors
  7 deep troll earth magi
  6 tengu warriors
  12 hell knights
  2 soul eaters
  5 spriggan berserkers
  9 small abominations
  26 deep elf knights
  A spectral storm dragon (Zot:5)
  2 titan skeletons
  2 wretched stars (Abyss:4)
  Nergalle (Lair:4)
  3 iron trolls (Depths:1)
  A sun demon (Depths:5)
  4 shadow wraiths (Crypt:3)
  A salamander mystic (Depths:1)
  2 sixfirhies
  A fire crab (Lair:2)
  28 skeletal warriors
  27 deep trolls
  4 storm dragon skeletons (Depths:3)
  A spriggan druid (Zig:5)
  12 swamp dragons
  3 death drakes
  4 infernal demonspawn
  5 wizards
  26 starcursed masses
  2 torturous demonspawn
  14 flayed ghosts
  A shadow demon (Depths:1)
  13 ironbrand convokers
  A death drake (shapeshifter) (Vaults:5)
  3 lindwurms (Depths:5)
  2 glowing orange brains
  3 harpies
  9 necromancers
  A shadow dragon zombie (Zig:8)
  5 phantasmal warriors
  A golden dragon skeleton (Depths:3)
  13 orb spiders
  2 orc sorcerers
  20 deep elf archers
  An orb spider (shapeshifter) (Depths:5)
  8 orc knights
  A worldbinder (Abyss:2)
  An iron dragon zombie (Zig:8)
  15 wolf spiders
  5 shining eyes
  A shadow dragon skeleton (Crypt:2)
  2 salamanders (Depths:1)
  A stone giant zombie (Zig:8)
  A sphinx skeleton (Depths:3)
  34 ugly things
  A fire giant zombie (Crypt:1)
  2 cyclopes
  3 manticores
  2 tengu skeletons (Depths:3)
  89 deep elf magi
  15 moths of wrath
  An oklob plant (Lair:1)
  3 iron dragon skeletons
  7 elephants
  A salamander (shapeshifter) (Vaults:4)
  A naga mage (Zig:2)
  5 fire giant skeletons
  4 rust devils
  3 eyes of devastation
  3 black mambas
  3 frost giant skeletons (Depths:3)
  An apocalypse crab (Abyss:2)
  A molten gargoyle (Desolation)
  A stone giant skeleton (Depths:3)
  11 vault sentinels
  An elephant (shapeshifter) (Depths:2)
  2 spiny frogs (shapeshifter)
  4 guardian serpents
  15 spiny frogs
  A storm dragon simulacrum (Zot:5)
  7 komodo dragons
  8 freezing wraiths
  8 rime drakes
  17 demonic crawlers
  A yaktaur (shapeshifter) (Depths:1)
  65 yaktaurs
  A spriggan zombie (Zig:8)
  2 elf skeletons (Depths:3)
  4 kobold demonologists
  5 ancient zymes
  6 tengu conjurers
  A grey draconian skeleton (Crypt:2)
  6 hellwings
  2 golden dragon simulacra (Crypt:3)
  A black draconian skeleton (Crypt:1)
  A white draconian skeleton (Crypt:2)
  A wandering mushroom (Lair:1)
  7 guardian mummies (Crypt:3)
  A red devil (D:1)
  10 polar bears
  40 hornets
  2 spectral moths of wrath (Zot:5)
  3 wind drakes
  22 jumping spiders
  A raiju (Abyss:2)
  9 tyrant leeches
  A hornet (shapeshifter) (Elf:2)
  A queen bee (shapeshifter) (Vaults:2)
  Prince Ribbit (D:5)
  9 hippogriffs
  9 trolls
  A fire dragon zombie (Crypt:1)
  5 bog bodies
  87 slime creatures
  50 saltlings (Desolation)
  A sphinx simulacrum (Depths:2)
  6 dream sheep (Lair:4)
  23 blink frogs
  A draconian simulacrum (Zot:5)
  70 flying skulls
  8 spriggans
  An air elemental (Elf:1)
  5 shadows
  55 yaks
  5 water elementals
  A ynoxinul (D:13)
  48 redbacks
  A human (shapeshifter) (Elf:3)
  A wyvern (shapeshifter) (Zig:4)
  A redback (shapeshifter) (Vaults:2)
  14 wraiths
  14 wyverns
  5 basilisks
  22 tarantellas
  3 hogs (D:15)
  2 fire bats (Lair:2)
  A fire bat (shapeshifter) (Elf:2)
  3 neqoxecs
  9 fire elementals
  7 golden eyes
  4 chaos spawn
  5 large abominations
  2 hungry ghosts
  7 wargs
  11 vampire mosquitoes
  18 insubstantial wisps
  2 soldier ants
  14 swamp worms
  A naga (Zig:1)
  A hell hound (Lair:2)
  An acid dragon (D:10)
  10 water moccasins
  8 porcupines
  5 moth of wrath simulacra (Zot:5)
  3 floating eyes
  25 swamp drakes
  A floating eye (shapeshifter) (Vaults:5)
  2 sky beasts
  33 orc warriors
  7 ice beasts
  2 eyes of draining
  A black bear (shapeshifter) (Vaults:4)
  2 phantoms
  31 wolves
  18 centaurs
  6 necrophages
  A blink frog skeleton (Crypt:2)
  9 boggarts
  61 ogres
  17 crocodiles
  2 big kobolds
  16 bullfrogs
  A human simulacrum (Depths:2)
  An earth elemental (Elf:2)
  A wyvern zombie (D:9)
  A salamander skeleton (Crypt:2)
  2 wyvern skeletons
  A ballistomycete (Lair:1)
  A scorpion (D:9)
  13 killer bees
  3 spriggan skeletons
  10 wights
  An electric eel (Spider:2)
  2 centaur zombies
  8 crimson imps
  5 quasits
  2 bullfrog zombies
  5 jellies
  A black bear zombie (Crypt:1)
  6 hounds
  A bullfrog skeleton (D:10)
  13 orc priests
  5 centaur skeletons
  4 iron imps
  Jessica (D:3)
  3 iguanas
  27 orc wizards
  A basilisk skeleton (Crypt:1)
  Natasha (twice) (D:3)
  A hell rat (Zig:5)
  6 worker ants
  A porcupine skeleton (Crypt:1)
  A naga zombie (Crypt:2)
  A felid skeleton (Crypt:2)
  2 hound zombies
  A worker ant zombie (D:11)
  A hound skeleton (D:4)
  A scorpion zombie (Crypt:2)
  12 adders
  A swamp drake skeleton (Crypt:1)
  4 shadow imps
  5 white imps
  An ufetubus (Depths:3)
  An adder zombie (D:5)
  2 worms (D:2)
  A barachi skeleton (Crypt:2)
  A dart slug (D:1)
  A lava snake skeleton (Crypt:1)
  2 leopard geckos
  96 orcs
  6 giant cockroaches
  17 goblins
  8 hobgoblins
  11 jackals
  16 kobolds
  6 quokkas
  3 ball pythons
  4 bats
  8 frilled lizards
  A kobold skeleton (Crypt:1)
  A leopard gecko skeleton (D:4)
  A leopard gecko zombie (Crypt:2)
  An orc skeleton (Crypt:1)
  2 quokka skeletons
  6 rats
  A ballistomycete spore (Lair:1)
  2 crawling corpses (Elf:3)
  A pillar of salt (Vaults:1)
  A plant (Lair:6)
  8 starspawn tentacles
2700 creatures vanquished.

Vanquished Creatures (collateral kills)
  A pandemonium lord (Zig:3)
  An Orb Guardian (Zot:5)
  2 vault wardens (Vaults:1)
  A frost giant (IceCv)
  Louise (D:15)
  An ironheart preserver (Vaults:1)
  Aizul (Spider:1)
  3 very ugly things (Depths:4)
  A stone giant (Depths:3)
  A deep elf annihilator (Elf:2)
  2 halazid warlocks (Desolation)
  A death ooze (Slime:5)
  A merfolk impaler (Depths:4)
  A ragged hierophant (Desolation)
  A vault guard (Vaults:1)
  A rakshasa (Vaults:1)
  5 hydras
  2 servants of whispers (Desolation)
  2 peacekeepers (Desolation)
  4 two-headed ogres
  A deep troll shaman (Vaults:4)
  A vampire mage (Depths:4)
  An ogre mage (Depths:4)
  2 deep troll earth magi
  A deep elf knight (Elf:3)
  2 deep trolls (Vaults:1)
  5 swamp dragons (Swamp:4)
  An unseen horror (Vaults:1)
  A deep elf archer (Zig:9)
  An orc knight (Vaults:1)
  2 ironbrand convokers
  An oklob plant (Lair:6)
  5 deep elf magi
  An ugly thing (Zig:7)
  A stone giant skeleton (Depths:2)
  A guardian serpent (Desolation)
  A frost giant skeleton (Depths:2)
  2 spiny frogs
  A yaktaur (Vaults:1)
  3 polar bears (IceCv)
  2 hornets (Swamp:4)
  A hippogriff (D:15)
  A tyrant leech (Swamp:4)
  8 saltlings (Desolation)
  A spriggan (Swamp:4)
  A wraith (D:15)
  An orc warrior (Orc:1)
  3 swamp drakes
  3 ogres
  2 wolves (IceCv)
  2 glowing shapeshifter simulacra
  An electric eel (Orc:1)
  A crimson imp (D:15)
  An orc wizard (Orc:1)
  5 orcs (Orc:1)
  2 crawling corpses (Elf:3)
102 creatures vanquished.

Vanquished Creatures (others)
  A shadow dragon (Depths:4)
  A servant of whispers (Desolation)
  A yaktaur captain (Vaults:1)
  A hydra (Swamp:4)
  A vault guard (Vaults:5)
  A dancing weapon (Zig:9)
  A deep elf knight (Elf:1)
  A deep elf archer (Elf:3)
  An orc knight (Vaults:2)
  4 deep elf magi
  A guardian serpent (Desolation)
  3 yaktaurs
  A troll (shapeshifter) (Vaults:3)
  3 polar bears (IceCv)
  3 saltlings (Desolation)
  A flying skull (Crypt:3)
  An air elemental (Elf:3)
  4 yaks (IceCv)
  A spriggan (Zig:7)
  4 humans (D:15)
  A fire elemental (Elf:1)
  An orc warrior (Elf:3)
  A sky beast (shapeshifter) (Vaults:1)
  A wolf (IceCv)
  4 centaurs
  2 wights (D:15)
  Robin (D:3)
  2 kobolds (D:13)
  A ballistomycete spore (Lair:1)
  A bush (Lair:6)
  A crawling corpse (Elf:3)
  2 fungi
  17 plants
  22 starspawn tentacles
  2 withered plants (Crypt:1)
94 creatures vanquished.

Grand Total: 2896 creatures vanquished

Notes
Turn   | Place    | Note
-------+----------+-------------------------------------------
     0 | D:1      | Amplified the Minotaur Gladiator began the quest for the
                  | Orb.
     0 | D:1      | Reached XP level 1. HP: 18/18 MP: 0/0
    79 | D:1      | Gained mutation: You are robust. (+10% HP) [potion of
                  | mutation]
    79 | D:1      | Gained mutation: You possess an exceptional clarity of
                  | mind. [potion of mutation]
    79 | D:1      | Gained mutation: You are covered in fur. (AC +1) [potion of
                  | mutation]
    99 | D:1      | Reached XP level 2. HP: 27/27 MP: 1/1
   186 | D:1      | Reached skill level 3 in Fighting
   241 | D:1      | Reached skill level 1 in Armour
   356 | D:1      | Reached XP level 3. HP: 34/34 MP: 2/2
   702 | D:2      | Found a white marble altar of Elyvilon.
  1462 | D:3      | Noticed Robin
  1476 | D:3      | Reached XP level 4. HP: 42/42 MP: 3/3
  1484 | D:3      | Killed Robin
  1507 | D:3      | Noticed Jessica
  1513 | D:3      | Killed Jessica
  1544 | D:3      | Reached skill level 4 in Fighting
  1544 | D:3      | Reached XP level 5. HP: 41/50 MP: 4/4
  1864 | D:3      | Found a shattered altar of Ashenzari.
  1882 | D:3      | Noticed Natasha
  1889 | D:3      | Killed Natasha
  2186 | D:3      | Noticed Natasha
  2190 | D:3      | Killed Natasha
  2190 | D:3      | Reached skill level 5 in Long Blades
  2372 | D:4      | Found a staircase to the Ecumenical Temple.
  2470 | Temple   | Entered the Ecumenical Temple
  2563 | D:4      | Got a steaming ring mail
  2574 | D:4      | Identified the +7 ring mail "Ydoisuewk" {Regen+ Int+6
                  | Stlth-} (You found it on level 4 of the Dungeon)
  2599 | D:4      | Reached XP level 6. HP: 58/58 MP: 5/5
  2649 | D:4      | Got a colourful robe
  3283 | D:5      | Entered Level 5 of the Dungeon
  3347 | D:5      | Reached skill level 5 in Fighting
  3398 | D:5      | Reached XP level 7. HP: 38/67 MP: 6/6
  3873 | D:5      | Identified the +1 robe "Zaqewk" {Str+3} (You found it on
                  | level 4 of the Dungeon)
  4065 | D:5      | Noticed Prince Ribbit
  4083 | D:5      | Killed Prince Ribbit
  4083 | D:5      | Reached skill level 6 in Fighting
  4083 | D:5      | Reached XP level 8. HP: 56/77 MP: 7/7
  4174 | D:6      | Reached skill level 5 in Dodging
  4184 | D:6      | Reached skill level 5 in Throwing
  4292 | D:6      | Found a shimmering altar of Xom.
  4358 | D:6      | Found a shimmering altar of Xom.
  4505 | D:6      | Found a basalt altar of Yredelemnul.
  4561 | D:6      | Reached skill level 7 in Fighting
  4600 | D:6      | Found a shadowy altar of Dithmenos.
  4642 | D:6      | Found a burning altar of Makhleb.
  4642 | D:6      | Noticed a balrug
  4688 | D:6      | Noticed a smoke demon
  4688 | D:6      | Noticed an orange demon
  4690 | D:6      | Became a worshipper of Makhleb the Destroyer
  4834 | D:7      | Found Xiajaecu's Distillery.
  4882 | D:7      | Reached XP level 9. HP: 40/86 MP: 8/8
  4965 | D:7      | Bought a potion of haste for 150 gold pieces
  4965 | D:7      | Bought a potion of degeneration for 15 gold pieces
  5138 | D:7      | Found a glowing golden altar of the Shining One.
  5249 | D:7      | Found a sacrificial altar of Ru.
  5305 | D:7      | Found a blossoming altar of Fedhas.
  5414 | D:7      | Reached skill level 5 in Armour
  5559 | D:8      | Reached skill level 8 in Fighting
  5621 | D:8      | Noticed Psyche
  5624 | D:8      | Noticed Psyche
  5624 | D:8      | Psyche changed into Psyche the ice beast
  5630 | D:8      | Killed Psyche the ice beast
  5630 | D:8      | Reached * piety under Makhleb
  5651 | D:8      | Noticed Harold
  5659 | D:8      | Noticed a two-headed ogre
  6064 | D:9      | Reached skill level 9 in Fighting
  6064 | D:9      | Reached XP level 10. HP: 100/100 MP: 9/9
  6074 | D:9      | Reached skill level 1 in Invocations
  6080 | D:9      | Reached skill level 1 in Evocations
  6097 | D:9      | Reached ** piety under Makhleb
  6388 | D:10     | Entered Level 10 of the Dungeon
  6389 | D:10     | Noticed a two-headed ogre
  6399 | D:10     | Killed a two-headed ogre
  6527 | D:10     | Found a shimmering altar of Xom.
  6634 | D:10     | Found a staircase to the Orcish Mines.
  7000 | D:10     | Found a white marble altar of Elyvilon.
  7360 | D:10     | Reached skill level 10 in Long Blades
  7438 | D:10     | Found a staircase to the Lair.
  7634 | D:11     | Noticed a green ugly thing
  7642 | D:11     | Killed a green ugly thing
  7650 | D:11     | Noticed a catoblepas
  7766 | D:11     | Found Lyceg's Jewellery Emporium.
  7819 | D:11     | Reached *** piety under Makhleb
  7930 | D:11     | Reached XP level 11. HP: 108/108 MP: 12/12
  7964 | D:11     | Killed a catoblepas
  8939 | D:12     | Reached skill level 10 in Fighting
  8978 | D:12     | Identified 3 scrolls of acquirement
  9029 | D:12     | Found a radiant altar of Vehumet.
  9070 | D:11     | Reached skill level 1 in Earth Magic
  9368 | Lair:1   | Entered Level 1 of the Lair of Beasts
  9419 | Lair:1   | Noticed an oklob plant
  9484 | Lair:1   | Noticed an oklob plant
  9684 | Orc:1    | Entered Level 1 of the Orcish Mines
  9684 | Orc:1    | Noticed an orc high priest
  9704 | D:10     | Killed an orc high priest
  9748 | Orc:1    | Found a roughly hewn altar of Beogh.
  9860 | Orc:1    | Reached **** piety under Makhleb
 10049 | Orc:1    | Found a frozen archway.
 10104 | IceCv    | Entered an ice cave
 10170 | IceCv    | Reached skill level 11 in Fighting
 10203 | IceCv    | Got a slimy fustibalus
 10291 | IceCv    | Reached skill level 5 in Invocations
 10325 | IceCv    | Reached XP level 12. HP: 111/121 MP: 14/14
 10566 | IceCv    | Noticed a frost giant
 10587 | IceCv    | Killed a frost giant
 10587 | IceCv    | Reached skill level 5 in Evocations
 10782 | IceCv    | Identified Met Gaes's Further Progress in Spellcraft
 11310 | Orc:2    | Entered Level 2 of the Orcish Mines
 11386 | Orc:2    | Found a staircase to the Elven Halls.
 11411 | Orc:2    | Noticed a two-headed ogre
 11411 | Orc:2    | Noticed a two-headed ogre
 11412 | Orc:2    | Noticed a two-headed ogre
 11412 | Orc:2    | Noticed a two-headed ogre
 11414 | Orc:2    | Noticed a two-headed ogre
 11416 | Orc:2    | Noticed an ogre mage
 11418 | Orc:2    | Killed a two-headed ogre
 11427 | Orc:2    | Noticed an ogre mage
 11434 | Orc:2    | Killed a two-headed ogre
 11434 | Orc:2    | Reached skill level 12 in Fighting
 11580 | D:11     | Bought the brooch of Shielding {Reflect SH+8} for 1169 gold
                  | pieces
 11580 | D:11     | Found the brooch of Shielding {Reflect SH+8}
 11724 | Lair:1   | Noticed Gastronok
 11741 | Lair:1   | Killed Gastronok
 11741 | Lair:1   | Reached skill level 5 in Earth Magic
 11807 | Lair:1   | Noticed a seven-headed hydra
 11844 | Lair:1   | Killed a seven-headed hydra
 12825 | Lair:2   | Noticed Fannar
 12830 | Lair:1   | Reached XP level 13. HP: 130/130 MP: 16/16
 12861 | Lair:1   | Killed Fannar
 13198 | Lair:3   | Found a staircase to the Swamp.
 13243 | Lair:3   | Reached skill level 13 in Fighting
 13349 | Lair:3   | Reached ***** piety under Makhleb
 13706 | Lair:3   | Found a hole to the Spider Nest.
 13732 | Lair:3   | Reached skill level 10 in Armour
 13959 | Lair:4   | Found a glowing golden altar of the Shining One.
 14156 | Lair:4   | Identified the +6 fustibalus of the Desolation of Salt
                  | {freeze, rElec rPois rF+ rN+} (You found it in an ice cave)
 14163 | Lair:4   | Reached skill level 10 in Dodging
 14239 | Lair:4   | Noticed Nergalle
 14254 | Lair:4   | Reached skill level 10 in Throwing
 14255 | Lair:4   | Killed Nergalle
 14708 | Lair:5   | Got a scorched quarterstaff
 15067 | Lair:5   | Reached skill level 1 in Ice Magic
 15190 | Lair:6   | Entered Level 6 of the Lair of Beasts
 15325 | Lair:6   | Reached XP level 14. HP: 139/143 MP: 18/18
 15332 | Lair:6   | Reached skill level 14 in Fighting
 15458 | Lair:6   | Reached ****** piety under Makhleb
 15542 | Lair:6   | Reached skill level 1 in Shields
 15744 | Lair:6   | Identified the +1 quarterstaff of Eneo {drain, +Blink rC+
                  | Str+2 Int-4} (You found it on level 5 of the Lair of
                  | Beasts)
 16147 | Lair:6   | Found a staircase to the Slime Pits.
 16627 | D:11     | Bought a +5 ring of evasion for 605 gold pieces
 16976 | Orc:2    | Found Getidel's Assorted Antiques.
 16976 | Orc:2    | Found Odyur's Distillery.
 16977 | Orc:2    | Found Ukkuj Pajy's Antique Weapon Emporium.
 16977 | Orc:2    | Found Kaumom's Food Boutique.
 17006 | Orc:2    | Bought 2 potions of curing for 60 gold pieces
 17006 | Orc:2    | Bought 2 potions of heal wounds for 100 gold pieces
 17006 | Orc:2    | Bought a potion of might for 40 gold pieces
 17006 | Orc:2    | Bought a potion of heal wounds for 50 gold pieces
 17006 | Orc:2    | Bought a potion of curing for 30 gold pieces
 17011 | Orc:2    | Bought 2 scrolls of fog for 108 gold pieces
 17011 | Orc:2    | Bought a potion of agility for 108 gold pieces
 17165 | Orc:2    | Found Akedixus's Book Shoppe.
 18053 | D:13     | Noticed Jorgrun
 18062 | D:13     | Killed Jorgrun
 18062 | D:13     | Reached skill level 15 in Fighting
 18189 | D:13     | Reached XP level 15. HP: 155/155 MP: 20/20
 18333 | D:13     | Found Bofferou's Gadget Emporium.
 18896 | D:14     | Paralysed by an ogre mage for 2 turns
 19117 | D:14     | Found a gate to the Vaults.
 19232 | D:14     | Found a shimmering blue altar of Sif Muna.
 19793 | D:15     | Entered Level 15 of the Dungeon
 19823 | D:15     | Reached skill level 5 in Ice Magic
 19898 | D:15     | Paralysed by an orc sorcerer for 5 turns
 19926 | D:15     | Noticed Kirke
 19955 | D:15     | Killed Kirke
 19966 | D:15     | Found a staircase to the Depths.
 20011 | D:15     | Noticed Louise
 20030 | D:15     | Killed Louise
 20065 | D:15     | Found a shadowy altar of Dithmenos.
 20602 | D:15     | Noticed Josephine
 20635 | D:15     | Killed Josephine
 21085 | Elf:1    | Entered Level 1 of the Elven Halls
 21510 | Elf:1    | Noticed a deep elf sorcerer
 21529 | Elf:1    | Cast into level 2 of the Abyss (a deep elf sorcerer)
 21692 | Abyss:3  | Reached skill level 16 in Fighting
 21767 | Abyss:3  | Found a corrupted altar of Lugonu.
 21823 | Abyss:3  | Noticed a tentacled starspawn
 21837 | Abyss:3  | Killed a tentacled starspawn
 21837 | Abyss:3  | Reached XP level 16. HP: 143/166 MP: 21/21
 21868 | Elf:1    | Escaped the Abyss
 22034 | Elf:3    | Entered Level 3 of the Elven Halls
 22038 | Elf:3    | Found Quvos's Antique Armour Emporium.
 22163 | Elf:3    | Reached skill level 10 in Earth Magic
 22333 | Elf:3    | Bought a jewelled scale mail for 243 gold pieces
 22333 | Elf:3    | Bought a shiny buckler for 202 gold pieces
 22333 | Elf:3    | Identified the +6 scale mail of Claustrophobia {+Inv Int+5
                  | SInv} (You bought it in a shop on level 3 of the Elven
                  | Halls)
 22933 | Elf:2    | Found a runed translucent gate.
 22933 | Elf:2    | Found a runed translucent gate.
 22934 | Elf:2    | Found a runed translucent gate.
 23279 | Elf:1    | Reached skill level 10 in Invocations
 23334 | Elf:1    | Reached skill level 17 in Fighting
 23699 | Elf:1    | Reached XP level 17. HP: 154/177 MP: 23/23
 24368 | D:11     | Bought the cursed ring "Duerghemeca" {rElec EV-2 Stlth+}
                  | for 146 gold pieces
 24428 | D:8      | Killed Harold
 24647 | D:8      | Found an ornate altar of the Wu Jian Council.
 25255 | Lair:2   | Found a transporter.
 25583 | Lair:2   | Found a transporter.
 25801 | Swamp:1  | Entered Level 1 of the Swamp
 26763 | Swamp:2  | Noticed Frances
 26782 | Swamp:2  | Killed Frances
 26939 | Swamp:2  | Paralysed by a hornet for 1 turns
 27468 | Swamp:4  | Entered Level 4 of the Swamp
 27684 | Swamp:4  | Reached skill level 10 in Evocations
 27761 | Swamp:4  | Reached skill level 18 in Fighting
 27852 | Swamp:4  | Noticed the 27-headed Lernaean hydra
 27875 | Swamp:4  | Killed the 27-headed Lernaean hydra
 28004 | Swamp:4  | Reached XP level 18. HP: 168/189 MP: 25/25
 28018 | Swamp:4  | Got a decaying rune of Zot
 29394 | Spider:1 | Entered Level 1 of the Spider Nest
 29830 | Spider:1 | Noticed Aizul
 29850 | Spider:1 | Killed Aizul
 30034 | Spider:2 | Got a scorched leather armour
 30035 | Spider:2 | Identified the +1 leather armour "Raqidoal" {-Tele rElec
                  | rN+ SInv} (You found it on level 2 of the Spider Nest)
 30075 | Spider:2 | Noticed Arachne
 30807 | Spider:4 | Entered Level 4 of the Spider Nest
 31108 | Spider:4 | Reached skill level 10 in Ice Magic
 31822 | Spider:4 | Got a gossamer rune of Zot
 32075 | Spider:3 | Killed Arachne
 32828 | Vaults:1 | Entered Level 1 of the Vaults
 32847 | Vaults:1 | Reached XP level 19. HP: 188/199 MP: 26/26
 33069 | Vaults:1 | Found a ruined gateway.
 33518 | Vaults:1 | Reached skill level 15 in Armour
 34058 | Vaults:2 | Reached skill level 19 in Fighting
 34553 | Vaults:2 | Paralysed by a wizard for 4 turns
 34638 | Vaults:2 | Found Tuizam's Book Shop.
 34638 | Vaults:2 | Noticed Saint Roka
 34691 | Vaults:2 | Killed Saint Roka
 35166 | Vaults:2 | Lost mutation: You possess an exceptional clarity of mind.
                  | [a cacodemon]
 35184 | Vaults:2 | Gained mutation: You tend to lose your temper in combat. [a
                  | cacodemon]
 35213 | Vaults:2 | Lost mutation: You are robust. (+10% HP) [potion of
                  | mutation]
 35213 | Vaults:2 | Lost mutation: You tend to lose your temper in combat.
                  | [potion of mutation]
 35213 | Vaults:2 | Gained mutation: You have sharp toenails. [potion of
                  | mutation]
 35213 | Vaults:2 | Gained mutation: Your magical capacity is low. (-10% MP)
                  | [potion of mutation]
 35213 | Vaults:2 | Gained mutation: You are somewhat resistant to further
                  | mutation. [potion of mutation]
 35306 | Vaults:2 | Reached XP level 20. HP: 191/191 MP: 25/25
 35318 | Vaults:2 | Paralysed by a sphinx for 5 turns
 35928 | Vaults:2 | Found a staircase to the Crypt.
 36383 | Vaults:3 | Reached skill level 15 in Dodging
 38266 | Vaults:4 | Reached skill level 15 in Long Blades
 38367 | Vaults:4 | Noticed Margery
 38401 | Vaults:4 | Killed Margery
 38424 | Vaults:4 | Found a ruined gateway.
 38441 | Desolati | Entered the Desolation of Salt
 38810 | Desolati | Identified Miklol's Incunabulum of the Noxious Mountains
 38814 | Desolati | Got a twitching iron ring
 38824 | Desolati | Identified the ring "Avyseh" {rPois MR- rCorr Str+4 Int+7}
                  | (You found it in the Desolation of Salt)
 38882 | Desolati | Identified the Disquisition on Flames and the Snowflakes
 38889 | Desolati | Identified the Volume of Fallacy
 38981 | Desolati | Got an ancient diamond amulet
 38983 | Desolati | Got a polished scale mail
 38986 | Desolati | Got a fine leather armour
 38987 | Desolati | Identified the +4 scale mail of Iruvita {rN+ Int+6} (You
                  | found it in the Desolation of Salt)
 38988 | Desolati | Identified the +1 leather armour of the Ten Emperors
                  | {Str+3} (You found it in the Desolation of Salt)
 38989 | Desolati | Identified the amulet "Meumes" {+Rage rF+ rN+ Slay+5} (You
                  | found it in the Desolation of Salt)
 39024 | Desolati | Identified the Almanac of the Virous Arsonist
 39309 | Desolati | Got a jewelled hand crossbow
 39425 | Vaults:4 | Reached XP level 21. HP: 200/200 MP: 26/26
 39544 | Vaults:4 | Reached skill level 20 in Fighting
 39971 | Vaults:4 | Identified the +8 hand crossbow of Belusoj {freeze, rF+++
                  | Str+4} (You found it in the Desolation of Salt)
 40206 | Vaults:4 | Noticed Mennas
 40218 | Vaults:4 | Killed Mennas
 40541 | Crypt:1  | Entered Level 1 of the Crypt
 40573 | Crypt:1  | You fall into a shaft and drop 1 floor!
 40582 | Crypt:2  | You fall into a shaft and drop 1 floor!
 40582 | Crypt:3  | Entered Level 3 of the Crypt
 40582 | Crypt:3  | Noticed Bai Suzhen
 40655 | Crypt:3  | Killed Bai Suzhen
 40898 | Crypt:3  | Found an ancient bone altar of Kikubaaqudgha.
 41128 | Crypt:3  | Found a staircase to the Tomb.
 41128 | Crypt:3  | Noticed Khufu
 41360 | Crypt:3  | Cast into level 3 of the Abyss (a lich)
 41377 | Crypt:3  | Escaped the Abyss
 41469 | Crypt:3  | Identified the Compendium of Spatial Shape Shifting
 41520 | Crypt:3  | Killed Khufu
 41520 | Crypt:3  | Reached skill level 21 in Fighting
 41581 | Crypt:3  | Identified Borgnjor's Almanac of Dark Magic
 41647 | Crypt:3  | Reached XP level 22. HP: 168/213 MP: 27/27
 41742 | Crypt:3  | Identified the ring "Lelit" {rElec rPois rN+ Str+3 Int+4}
                  | (You found it on level 3 of the Crypt)
 41743 | Crypt:3  | Identified the ring "Lewoont" {rElec rF+ rN+} (You found it
                  | on level 3 of the Crypt)
 42248 | Crypt:2  | Paralysed by something for 4 turns
 42472 | Crypt:1  | Paralysed by a vampire knight for 4 turns
 43324 | Crypt:1  | Found a runed translucent gate.
 43324 | Crypt:1  | Found a runed translucent gate.
 43324 | Crypt:1  | Found a runed translucent gate.
 43324 | Crypt:1  | Noticed Waammiq's ghost (veteran GrEE)
 43325 | Crypt:1  | Noticed Hynnuzim's ghost (veteran CeHu)
 43325 | Crypt:1  | Noticed Ydoawkan's ghost (adept GrFi)
 43326 | Crypt:1  | Noticed Nyubb's ghost (veteran MiGl)
 44632 | Depths:1 | Entered Level 1 of the Depths
 44732 | Depths:1 | Found a one-way gate leading to the halls of Pandemonium.
 44995 | Depths:1 | Found a gateway to Hell.
 45025 | Depths:1 | Paralysed by a sphinx for 3 turns
 45037 | Depths:1 | Reached skill level 5 in Shields
 45113 | Depths:1 | Reached skill level 15 in Throwing
 45540 | Depths:2 | Found a transporter.
 45748 | Depths:2 | Reached XP level 23. HP: 222/222 MP: 28/28
 45816 | Depths:2 | Found a one-way gate to the infinite horrors of the Abyss.
 45972 | Depths:2 | Found Zeutzot's Jewellery Shoppe.
 45973 | Depths:2 | Found Uvvimen's Gadget Boutique.
 45974 | Depths:2 | Found Xunio's Jewellery Shoppe.
 45991 | Depths:2 | Bought a wand of clouds (4) for 240 gold pieces
 45991 | Depths:2 | Bought a wand of digging (6) for 200 gold pieces
 45993 | Depths:2 | Bought an uncursed ring of protection from magic for 500
                  | gold pieces
 46070 | Depths:2 | Found a transporter.
 46617 | Depths:3 | Found a gateway to a ziggurat.
 46630 | Depths:3 | Noticed Jory
 46652 | Depths:3 | Killed Jory
 46688 | Depths:3 | Reached skill level 10 in Shields
 46840 | Depths:3 | Found Fonyib's Assorted Antiques.
 46848 | Depths:3 | Bought a pair of embroidered boots for 285 gold pieces
 46848 | Depths:3 | Bought 2 scrolls of fear for 266 gold pieces
 46848 | Depths:3 | Bought a scroll of teleportation for 114 gold pieces
 46861 | Depths:3 | Found Zeewn's Food Shoppe.
 47068 | Depths:3 | Identified the Compendium of Shifting Fire
 47704 | Depths:4 | Paralysed by a great orb of eyes for 4 turns
 48222 | Depths:4 | Reached skill level 15 in Shields
 48290 | Depths:4 | Reached XP level 24. HP: 199/231 MP: 25/28
 48409 | Depths:4 | Got a transparent tin ring
 48410 | Depths:4 | Identified the ring "Qajaf" {rPois rC++ MR+} (You found it
                  | on level 4 of the Depths)
 48586 | Depths:4 | Identified the ring "Ditaer" {rPois MR- Dex+5}
 48610 | Depths:4 | Reached skill level 22 in Fighting
 48706 | Depths:4 | Found the +8 demon trident "Rift" {distort, reach+}
 49016 | Depths:5 | Entered Level 5 of the Depths
 49363 | Depths:5 | Found a radiant altar of Vehumet.
 49374 | Depths:5 | Got a crude hat
 49377 | Depths:5 | Identified the cursed -4 hat of Gobrahis {rElec rF+ Int-5}
                  | (You found it on level 5 of the Depths)
 49394 | Depths:5 | Identified the +2 hat of Purpose {rPois} (You found it on
                  | level 5 of the Depths)
 49911 | Depths:5 | Found a gate to the Realm of Zot.
 50431 | Depths:4 | Voluntarily entered the Abyss.
 50702 | Abyss:2  | Paralysed by you for 7 turns
 50743 | Abyss:2  | Paralysed by accursed screaming for 1 turns
 50820 | Abyss:2  | Reached XP level 25. HP: 239/239 MP: 13/28
 50866 | Abyss:2  | Reached skill level 23 in Fighting
 50910 | Abyss:2  | Paralysed by accursed screaming for 1 turns
 50998 | Abyss:4  | Reached skill level 1 in Spellcasting
 51013 | Abyss:4  | Paralysed by accursed screaming for 1 turns
 51022 | Abyss:4  | Paralysed by accursed screaming for 2 turns
 51052 | Abyss:4  | Got an abyssal rune of Zot
 51064 | Depths:4 | Escaped the Abyss
 51379 | Vaults:5 | Entered Level 5 of the Vaults
 51773 | Vaults:5 | Reached skill level 5 in Spellcasting
 51807 | Vaults:5 | Reached skill level 24 in Fighting
 51863 | Vaults:5 | Identified the Collected Works on Creative Execration
 51932 | Vaults:5 | Got a silver rune of Zot
 52552 | Vaults:5 | Noticed an ancient lich
 52578 | Vaults:5 | Killed an ancient lich
 52578 | Vaults:5 | Reached XP level 26. HP: 254/254 MP: 29/29
 52611 | Vaults:5 | Reached skill level 25 in Fighting
 52621 | Vaults:5 | Identified Okeggugh's Collected Works on Poisonous
                  | Orientation
 53055 | Vaults:5 | Identified Sif Muna's Guide on Helpful Conjuration (You
                  | acquired it on level 5 of the Vaults)
 53064 | Vaults:5 | Identified the +1 acid dragon scales of the Vacuum {rF+
                  | rCorr SInv} (You found it on level 5 of the Vaults)
 54037 | Slime:1  | Entered Level 1 of the Pits of Slime
 54151 | Slime:5  | Entered Level 5 of the Pits of Slime
 54279 | Slime:5  | Gained mutation: You are weak. (Str -2) [a shining eye]
 54405 | Slime:5  | Noticed the Royal Jelly
 54432 | Slime:4  | Gained mutation: You are dopey. (Int -2) [a shining eye]
 54769 | Slime:5  | Killed the Royal Jelly
 54851 | Slime:5  | Got a heavily runed turquoise ring
 54889 | Slime:5  | Got a slimy rune of Zot
 54891 | Slime:5  | Identified the ring "Juficwof" {*Slow rF+ rCorr Stlth+}
                  | (You found it on level 5 of the Pits of Slime)
 54893 | Slime:5  | Got a crystal broad axe
 54900 | Slime:5  | Identified the +4 broad axe "Lekowom" {flame, rElec} (You
                  | found it on level 5 of the Pits of Slime)
 54955 | Slime:5  | Got a flickering amber ring
 54956 | Slime:5  | Identified the ring of Latonn {Fire rPois MR- Str+4} (You
                  | found it on level 5 of the Pits of Slime)
 54982 | Slime:5  | Identified the +13 plate armour of Card Tricks {rN+} (You
                  | found it on level 5 of the Pits of Slime)
 55047 | Slime:2  | Reached skill level 26 in Fighting
 55368 | D:10     | Learned a level 1 spell: Apportation
 55371 | D:10     | Learned a level 2 spell: Passwall
 55565 | Elf:3    | Noticed Mara
 55580 | Elf:3    | Noticed Amplified's illusion
 55616 | Elf:3    | Noticed Amplified's illusion
 55701 | Elf:3    | Noticed Amplified's illusion
 55756 | Elf:3    | Killed Mara
 55873 | Elf:3    | Identified the cursed +0 dire flail "Vitwoq" {freeze, rPois
                  | Int+2}
 55873 | Elf:3    | Identified the +1 robe of Miukkyg {rF- rC+++ rN+++ Dex-5}
 55922 | Elf:3    | Reached skill level 10 in Spellcasting
 55968 | Elf:3    | Identified the +4 plate armour of Daisies {rPois Int+5
                  | Slay-5}
 55977 | Elf:3    | Identified the cursed +1 robe of Wariness {MR+}
 55977 | Elf:3    | Identified the ring "Xapril" {rElec MP+9 Dex+6}
 56027 | Elf:3    | Reached XP level 27. HP: 207/270 MP: 32/32
 56252 | Elf:3    | Identified the +10 rapier "Ucvul" {venom, rElec Int+2}
 56311 | Elf:3    | Identified the amulet "Urec" {Inacc rElec} (You found it on
                  | level 3 of the Elven Halls)
 56314 | Elf:3    | Identified the Reference Book on Dusty Translocation
 56748 | Zig:1    | Entered Level 1 of a ziggurat
 56773 | Zig:2    | Entered Level 2 of a ziggurat
 56795 | Zig:3    | Entered Level 3 of a ziggurat
 56798 | Zig:3    | Learned a level 1 spell: Confusing Touch
 56800 | Zig:3    | Noticed Ifafathru the pandemonium lord
 56817 | Zig:3    | Killed Ifafathru the pandemonium lord
 56866 | Zig:4    | Entered Level 4 of a ziggurat
 56916 | Zig:4    | Got a pair of scorched gloves
 56927 | Zig:4    | Identified the +0 pair of gloves of the Ego {*Contam rPois
                  | rCorr SInv} (You found it on level 4 of a ziggurat)
 56942 | Zig:5    | Entered Level 5 of a ziggurat
 56992 | Zig:6    | Entered Level 6 of a ziggurat
 57037 | Zig:6    | Identified the Catalogue of the Fifty Princes
 57077 | Zig:6    | Got a faintly glowing zirconium amulet
 57113 | Zig:7    | Entered Level 7 of a ziggurat
 57148 | Zig:7    | Identified the Grimoire of Moulding and Stones
 57172 | Zig:8    | Entered Level 8 of a ziggurat
 57222 | Zig:8    | Identified the Papyrus of the Displaced Oath
 57248 | Zig:9    | Entered Level 9 of a ziggurat
 57311 | Zig:9    | Got a heavily runed ivory amulet
 57373 | Depths:3 | Identified the amulet "Vethiem" {Spirit rPois Stlth+} (You
                  | found it on level 6 of a ziggurat)
 57376 | Depths:3 | Identified the amulet of Caane {+Rage rC- Str+8 Int-2 SInv}
                  | (You found it on level 9 of a ziggurat)
 57575 | Zot:1    | Entered Level 1 of the Realm of Zot
 58237 | Zot:4    | Found a shadowy altar of Dithmenos.
 58246 | Zot:4    | Reached skill level 27 in Fighting
 58271 | Zot:5    | Entered Level 5 of the Realm of Zot
 58309 | Zot:5    | Found a runed translucent gate.
 58309 | Zot:5    | Found a runed translucent gate.
 58315 | Zot:5    | Found a runed translucent gate.
 58980 | Zot:5    | Noticed an ancient lich
 58980 | Zot:5    | Noticed Vikmgn's ghost (legendary MiFi)
 59016 | Zot:5    | Killed Vikmgn's ghost
 59035 | Zot:5    | Killed an ancient lich
 59035 | Zot:5    | Reached skill level 15 in Earth Magic
 59080 | Zot:5    | Identified the Collected Works on Sinister Secrets
 59092 | Zot:5    | Identified the -4 helmet "Riwniaqa" {rElec Str+7} (You
                  | found it on level 5 of the Realm of Zot)
 59207 | Zot:5    | Noticed an orb of fire
 59229 | Zot:5    | Killed an orb of fire
 59353 | Zot:5    | Noticed an ancient lich
 59365 | Zot:5    | Killed an ancient lich
 59370 | Zot:5    | Noticed an orb of fire
 59386 | Zot:5    | Killed an orb of fire
 59504 | Zot:5    | Learned a level 2 spell: Blink
 59504 | Zot:5    | Got the Orb of Zot
 59703 | Depths:5 | Noticed Gumox the pandemonium lord
 59798 | Depths:1 | Noticed Qosaelurph the pandemonium lord
 59947 | D:7      | Noticed Faococ the pandemonium lord
 59965 | D:7      | Killed Faococ the pandemonium lord
 60231 | D:1      | Lost mutation: Your magical capacity is low. (-10% MP)
                  | [potion of mutation]
 60231 | D:1      | Lost mutation: You are covered in fur. (AC +1) [potion of
                  | mutation]
 60231 | D:1      | Lost mutation: You are dopey. (Int -2) [potion of mutation]
 60231 | D:1      | Gained mutation: Your movements are slightly less
                  | encumbered by armour. (ER -2) [potion of mutation]
 60232 | D:1      | Lost mutation: You are somewhat resistant to further
                  | mutation. [potion of mutation]
 60232 | D:1      | Lost mutation: You have sharp toenails. [potion of
                  | mutation]
 60232 | D:1      | Lost mutation: You are weak. (Str -2) [potion of mutation]
 60232 | D:1      | Gained mutation: Scrolls take you a little longer to read.
                  | [potion of mutation]
 60232 | D:1      | Gained mutation: You are agile. (Dex +2) [potion of
                  | mutation]
 60233 | D:1      | Lost mutation: Scrolls take you a little longer to read.
                  | [potion of mutation]
 60233 | D:1      | Lost mutation: You are agile. (Dex +2) [potion of mutation]
 60233 | D:1      | Gained mutation: You are resistant to hostile enchantments.
                  | (MR+) [potion of mutation]
 60233 | D:1      | Gained mutation: Your natural rate of healing is unusually
                  | fast. [potion of mutation]
 60235 | D:$      | Escaped with the Orb!

Levels and vault maps discovered:
D:1:      dpeg_arrival_rooms_c, layout_basic
D:2:      layout_basic, minmay_tree_intersection, lemuel_altar_in_water
D:3:      layout_basic, ashenzari_conservatory_becter,
          hangedman_decor_slide_cut, uniq_jessica, uniq_natasha, uniq_robin
D:4:      layout_basic, minmay_temple_entry_glassed_door, first_ration
D:5:      layout_loops_corners, uniq_prince_ribbit1
D:6:      layout_loops_cross, xom_redecorated, makhleb_altar_promises_db,
          yredelemnul_altar_generic, nicolae_overflow_crystal_walls
D:7:      layout_basic, lemuel_coloured_pillars_altar,
          nicolae_tso_carved_into_rock, serial_shops, nicolae_shop_trees,
          nicolae_ru_awakened_eye
D:8:      layout_cave_pools, kennysheep_mini, uniq_harold, uniq_psyche
D:9:      layout_basic
D:10:     layout_basic, erik_lair_dragon, hiddenorc2_lemuel, basic_altar,
          the_bakery, elyvilon_altar_3
D:11:     layout_stronghold, serial_shops, nicolae_shop_crystal
D:12:     layout_gridville, basic_altar, minmay_misc_feat_rugged
D:13:     layout_irregular_city, serial_shops, nicolae_shop_stone, uniq_jorgrun
D:14:     layout_gridville, hangedman_vaults_entry_quadrant_bands,
          lemuel_blue_sif_altar, serial_bayou_pond_e, minmay_librarian
D:15:     hangedman_depths_entry_civil_slaughter, layout_loops_ring,
          nicolae_dithmenos_shadow_blocks, hangedman_decor_growths,
          small_chamber_with_monster, uniq_kirke, uniq_louise, uniq_josephine
Temple:   cyrus_circular_temple
Lair:1:   layout_cave_pods, minivault_24, disabler_island, uniq_gastronok
Lair:2:   gammafunk_cloud_chamber, layout_layer_cave, uniq_fannar
Lair:3:   layout_gridlike, skrybe_swamp_entry_bodies, spider_nest_entry_rubble,
          kennysheep_catoblepas_arena
Lair:4:   layout_misc_corridors, basic_altar, chequers_serial_rivers_room_b,
          uniq_nergalle
Lair:5:   layout_cave_shapes, nicolae_lair_yak_garden
Lair:6:   gammafunk_lair_ancient_temple, layout_concentric_octagons,
          minmay_slime_entry_oklob_enclosed, serial_forest,
          infiniplex_forest_lined_3, infiniplex_forest_end_3,
          infiniplex_forest_lined_2, infiniplex_forest_straight_4,
          infiniplex_forest_lined_ring, infiniplex_forest_lined_4_way,
          infiniplex_forest_clump_small
Swamp:1:  layout_falls_marsh, serial_swamp_ruin, evilmike_swamp_ruin_rubble_1,
          evilmike_swamp_ruin_house_2, evilmike_swamp_ruin_house_4
Swamp:2:  layout_basic_swamp, evilmike_swamp_ruin_house_5, hangedman_swamp_cone,
          uniq_frances
Swamp:3:  layout_falls_marsh, evilmike_swamp_ruin_house_6, swamp_pool1,
          nicolae_swamp_round_clearing
Swamp:4:  swamp_old_school, layout_basic_swamp
Spider:1: layout_spider_delve, nicolae_spider_circle_web, uniq_aizul
Spider:2: layout_spider_delve, uniq_arachne
Spider:3: layout_spider_delve
Spider:4: guppyfry_spider_rune
Slime:1:  layout_caves
Slime:2:  layout_caves, nicolae_slime_ancient_tower_intersection,
          nicolae_slime_barrier
Slime:3:  layout_caves, uniq_dissolution
Slime:4:  layout_caves
Slime:5
Orc:1:    layout_caves, basic_altar, portal_ice_cave_entry_animals_and_master,
          nicolae_orc_flooded_monolith
Orc:2:    st_orc_ogre_mass, layout_caves, serial_shops, shop_fountains
Elf:1:    eino_elf_arrival_shootout, layout_geoelf_octagon,
          hangedman_elf_represent, ebering_dispersal_statue_hall,
          wad_floor_pattern_untrapped
Elf:2:    layout_rooms, item_on_display_a
Elf:3:    minmay_elf_hall_curves, layout_rooms, serial_shops,
          nicolae_shop_overgrown_old_shop, uniq_mara
Vaults:1: hangedman_vaults_cutoff, ontoclasm_vaults_shuriken, v_pattern_4,
          nicolae_vaults_border_crossing, layout_vaults_quadrants,
          portal_desolation_entry_garden
Vaults:2: grunt_vaults_swirl, hangedman_vaults_slice, blue_anna_dwarven_crypt,
          v_misc_2, hangedman_vaults_stagger, nicolae_vaults_bisected_slash,
          ontoclasm_vaults_spin, vaults_dpeg_cross, vaults_room_door_hall,
          v_alt_pattern_4, grunt_vaults_bifocal, nicolae_vaults_rhombus_7,
          nicolae_vaults_little_ls, grunt_vaults_hallway_short,
          layout_vaults_maze_bifur, serial_shops, shop, uniq_saint_roka
Vaults:3: vaults_dpeg_ring, v_pattern_1, vaults_room_semicircle,
          hangedman_vaults_stitches, nicolae_vaults_little_squares_6,
          serial_ice_b, layout_vaults_chaotic_city
Vaults:4: hangedman_vaults_unwind, v_alt_pattern_1, hangedman_vaults_stream,
          vaults_mumra_hexcomb, v_rooms_1, nicolae_vaults_disjoint_gnomons,
          hangedman_vaults_snaps, nicolae_vaults_little_squares_6,
          layout_vaults_omnibox, portal_desolation_entry_ruin, uniq_mennas,
          uniq_margery
Vaults:5: serial_shops
Crypt:1:  layout_catacombs, gammafunk_ghost_cemetery
Crypt:2:  layout_gridlike
Crypt:3:  grunt_crypt_end_deaths_head, uniq_bai_suzhen
Depths:1: layout_forbidden_donut, hell_entry, rand_demon_pan_entry_9,
          hangedman_abyss_or_decor_stabs, kennysheep_generic_room_5,
          infiniplex_staircase_pool_lava, grunt_megastairs_2
Depths:2: gammafunk_dig_for_victory, layout_basic,
          nicolae_abyss_entry_one_way_or_another, nicolae_two_hexagons,
          pan_entry, pf_coc_iceberg, onia_ninara_dug_in_and_dangerous,
          infiniplex_staircase_zigzag_5, serial_bayou_shore_b,
          minmay_shop_grove, serial_bayou_shore_b
Depths:3: minmay_skeleton_keep, layout_cave_pools, enter_ziggurat_f, hell_entry,
          serial_sigils_hangedman_gut, serial_shops, shop, shop,
          grunt_pan_entry_in_and_out, kennysheep_potato, uniq_jory
Depths:4: grunt_twisty_corner, layout_gridlike, hell_entry, pan_entry,
          abyss_entry, infiniplex_staircase_zigzag_4,
          roderic_lattice_octagonal_star
Depths:5: lemuel_castle_with_subvaults [lemuel_castle_interior_carwin_2],
          layout_cave_pools, chequers_serial_rivers_micro_c,
          pf_hell_entry_great_geh, rand_demon_pan_entry_3, grunt_tower_of_power
Zot:1:    layout_onion_interference
Zot:2:    layout_concentric_octagons, ebering_ghost_inner_flame,
          nicolae_lava_and_water
Zot:3:    layout_gridlike
Zot:4:    layout_onion_interference, basic_altar
Zot:5:    layout_gridlike, gammafunk_ghost_necromancy

Skill      XL: |  1  2  3  4  5  6  7  8  9 10 11 12 13 14 15 16 17 18 19 20 21 22 23 24 25 26 27 |
---------------+----------------------------------------------------------------------------------+-----
Fighting       | 3 4 5 6 7 9 11 12 13 15 16 17 18 19 21 22 24 26 27 | 27.0
Long Blades    | 4 5 6 8 9 10 11 12 13 14 16 | 16.7
Armour         | 1 2 3 4 5 7 8 9 10 11 12 13 14 15 16 18 19 20 | 20.5
Dodging        | 4 5 6 7 8 9 10 11 12 13 14 15 17 18 20 | 20.2
Throwing       | 3 4 6 7 8 9 10 11 12 13 14 15 16 | 16.1
Invocations    | 3 5 6 7 8 9 10 11 12 13 | 13.0
Evocations     | 3 4 5 6 7 8 9 10 11 12 | 12.1
Earth Magic    | 3 5 7 8 9 10 12 16 | 16.2
Ice Magic      | 1 4 6 7 9 10 13 | 13.6
Shields        | 3 4 7 15 16 | 16.3
Spellcasting   | 7 10 14 | 14.2

Action                   |  1- 3 |  4- 6 |  7- 9 | 10-12 | 13-15 | 16-18 | 19-21 | 22-24 | 25-27 || total
-------------------------+-------+-------+-------+-------+-------+-------+-------+-------+-------++-------
Melee: Long sword        |   104 |   108 |   290 |   751 |  1533 |  2347 |  1164 |       |       ||  6297
       Headbutt          |    17 |    22 |    69 |   242 |   495 |   732 |   729 |   649 |   668 ||  3623
       Double sword      |       |       |       |       |       |       |   842 |  1705 |  1933 ||  4480
Throw: Throwing net      |       |       |     1 |     7 |     2 |       |       |       |       ||    10
       Boomerang         |       |       |       |    28 |       |    27 |       |     2 |       ||    57
       Javelin           |       |       |       |       |    18 |    30 |       |     1 |       ||    49
Invok: Lesser Servant of |       |       |       |     8 |     2 |       |       |       |       ||    10
       Greater Servant o |       |       |       |       |     2 |     6 |    10 |     8 |    11 ||    37
 Abil: Evoke Berserk Rag |       |       |       |       |       |       |     1 |     1 |     3 ||     5
Evoke: Wand              |       |       |     9 |    16 |    19 |    24 |     4 |     2 |    24 ||    98
       Fan of gales      |       |       |       |       |       |     1 |       |       |       ||     1
       Lamp of fire      |       |       |       |       |       |       |       |     2 |     4 ||     6
  Use: Potion            |     2 |     1 |     4 |     8 |     9 |    10 |    10 |    13 |    19 ||    76
       Scroll            |     3 |     6 |     7 |    13 |     9 |    23 |    23 |    14 |    26 ||   124
 Stab: Invisible         |       |     3 |       |     5 |       |       |       |       |     9 ||    17
       Paralysed         |       |       |       |    13 |     7 |    10 |       |       |       ||    30
       Distracted        |       |       |       |     2 |       |       |     5 |     4 |       ||    11
       Petrified         |       |       |       |       |    12 |       |       |       |       ||    12
       Confused          |       |       |       |       |       |     3 |       |     3 |       ||     6
       Sleeping          |       |       |       |       |       |       |       |       |     1 ||     1
  Eat: Chunk             |     2 |     2 |     9 |    11 |    14 |     7 |     8 |    11 |     8 ||    72
       Ration            |       |     1 |     1 |     4 |     5 |    11 |     6 |     6 |     9 ||    43
Armor: Chain mail        |    15 |       |       |       |       |       |       |       |       ||    15
       Plate armour      |    70 |    49 |       |       |       |       |       |       |   313 ||   432
       Ring mail         |       |    22 |   168 |   296 |   326 |   595 |   254 |       |       ||  1661
       Scale mail        |       |       |       |       |       |       |    58 |   501 |   117 ||   676
       Acid dragon scale |       |       |       |       |       |       |       |       |    69 ||    69
Dodge: Dodged            |    41 |    51 |   226 |   561 |   855 |  1685 |  1284 |  1216 |   864 ||  6783
Block: Other             |       |       |       |    39 |   153 |       |       |       |       ||   192
       Buckler           |       |       |       |       |   557 |  1575 |  1013 |   143 |       ||  3288
       Reflection        |       |       |       |       |    38 |    41 |    51 |       |       ||   130
       Shield            |       |       |       |       |       |       |       |   805 |  1093 ||  1898
       Rpst.: Long sword |     5 |    14 |    46 |   128 |   222 |   315 |   125 |       |       ||   855
       Double sword      |       |       |       |       |       |       |   140 |   190 |   152 ||   482
